cohdb
Replays
Latest Replays
All Replays
Popular Replays
Top Player Replays
Match Explorer
How It Works
Community
CoH3 Stats
Reddit
Sign in to upload your games and track your stats! →
Sign in with Steam
Match 42404909
Unlisted
Match 42404909
Overview
Messages
Build Orders
End
Pioneer Squad
Construct Infanterie Kompanie
Grenadier Squad
Grenadier Squad
Grenadier Squad
Construct Panzergrenadier Kompanie
251 Medium Carrier
Pak 40 Anti-tank Gun Team
GrW 34 Mortar Team
Construct Panzer Kompanie
Stoßtruppen Squad
Medical Bunker
Panzer IV Medium Tank
Selects Breakthrough Battlegroup
Selects Rapid Production
Selects Blitzkrieg
MG 42 Machine Gun Team
Selects Tiger Heavy Tank
Tiger Heavy Tank
AI Takeover
Grand.G
harald halbgar
0
0
Comments
sign in to comment!
No comments posted yet!